 Dungeon Sprint DCSS version 0.17-a0-1078-g243345b (webtiles) character file.

11260 Trafet the Brawler (level 11, -7/131 HPs)
             Began as a Troll Transmuter on May 19, 2015.
             Was the Champion of Sif Muna.
             Mangled by an orc knight
             ... wielding a +0 long sword
              (23 damage)
             ... in the Dungeon (Sprint IX: "|||||||||||||||||||||||||||||").
             The game lasted 00:10:12 (2267 turns).

Trafet the Brawler (Troll Transmuter)               Turns: 2267, Time: 00:10:12

Health: -7/131     AC:  8    Str: 31    XL:     11   Next: 47%
Magic:  10/20      EV: 16    Int: 15    God:    Sif Muna [******]
Gold:   1666       SH:  0    Dex: 15    Spells: 5 memorised, 5 levels left

rFire  . . .     SeeInvis .       - Unarmed
rCold  . . .     Clarity  .     (armour currently unavailable)
rNeg   . . .     SustAb   .     (shield currently unavailable)
rPois  +         Gourm    +     (helmet currently unavailable)
rElec  .         Spirit   .     (cloak currently unavailable)
rCorr  .         Warding  .     (gloves unavailable)
rMut   .         NoTele   +     (boots unavailable)
MR     .....                    (no amulet)
Stlth  ++........               q - +3 ring of strength
                                p - +3 ring of intelligence

@: agile, hydra-form (expiring), not resistant to hostile enchantments,
unstealthy
A: unfitting armour, (claws 0), fast metabolism 3, gourmand, regeneration 2,
(shaggy fur 0), (tough skin 0)
a: End Transformation, Channel Energy, Forget Spell, Renounce Religion


You were in the Dungeon.
You worshipped Sif Muna.
Sif Muna was exalted by your worship.
You were completely stuffed.
You were a 8-headed hydra.
You visited 1 branch You collected 1666 gold pieces.

Inventory:

Missiles
 a - 15 arrows
Armour
 b - a +0 robe
 o - a +0 cloak (melded)
 B - a troll hide (melded)
Magical staves
 r - an uncursed staff of energy
Jewellery
 p - a +3 ring of intelligence (left foreclaw)
 q - a +3 ring of strength (right foreclaw)
Magical devices
 n - a wand of fire (7)
Scrolls
 l - 3 scrolls of remove curse
 m - 2 scrolls of amnesia
 v - 4 scrolls of identify
 x - a scroll of recharging
 y - 2 scrolls of enchant weapon
Potions
 h - 4 potions of magic
 i - a potion of berserk rage
 k - a potion of invisibility
 t - a potion of resistance
 u - a potion of cure mutation
 C - a potion of flight
Books
 c - a book of Changes

   Spells                             Type                      Level
   a - Beastly Appendage              Transmutation                1
   b - Sticks to Snakes               Transmutation                2
   c - Spider Form                    Transmutation/Poison         3
   d - Ice Form                       Ice/Transmutation            4
   e - Blade Hands                    Transmutation                5
 f - Sif Muna's Volume of Arcane Weapons
   (Sif Muna gifted it to you in the Dungeon)

   Spells                             Type                      Level
   a - Sting                          Conjuration/Poison           1
   b - Throw Frost                    Conjuration/Ice              2
   c - Iskenderun's Battlesphere      Conjuration/Charms           5
   d - Freezing Cloud                 Conjuration/Ice/Air          6
 z - Sif Muna's Grimoire of Moulding
   (Sif Muna gifted it to you in the Dungeon)

   Spells                             Type                      Level
   a - Sticks to Snakes               Transmutation                2
   b - Ignite Poison                  Fire/Transmutation/Poison    3
   c - Passwall                       Transmutation/Earth          3
   d - Statue Form                    Transmutation/Earth          6
 A - Sif Muna's Compendium of Transmutation
   (Sif Muna gifted it to you in the Dungeon)

   Spells                             Type                      Level
   a - Passwall                       Transmutation/Earth          3
   b - Alistair's Intoxication        Transmutation/Poison         4
   c - Hydra Form                     Transmutation                6
   d - Dragon Form                    Transmutation                7
Comestibles
 d - 14 bread rations
 w - a beef jerky
 D - 40 fruits
 E - 12 meat rations


   Skills:
 + Level 4.7 Fighting
 + Level 5.8 Armour
 + Level 6.2 Dodging
 + Level 17.7 Unarmed Combat
 + Level 7.1 Spellcasting
 + Level 12.3 Transmutations


You had 5 spell levels left.
You knew the following spells:

 Your Spells              Type           Power        Failure   Level  Hunger
a - Beastly Appendage     Trmt           #####.       1%          1    None
b - Blade Hands           Trmt           #####.....   2%          5    #####..
c - Spider Form           Trmt/Pois      ###.......   3%          3    ##.....
d - Ice Form              Ice/Trmt       ###.....     14%         4    ####...
e - Hydra Form            Trmt           #####.....   14%         6    #######


Dungeon Overview and Level Annotations

Branches:
Dungeon (1/1)

Altars:
Cheibriados
Dithmenos
Elyvilon
Fedhas
Gozag
Kikubaaqudgha
Makhleb
Nemelex Xobeh
Okawaru
Qazlal
Ru
Sif Muna
Trog
Vehumet
Xom
Yredelemnul
Zin
The Shining One
Beogh
Jiyva
Lugonu

Shops:
D *?=%


Innate Abilities, Weirdness & Mutations

You are too large for most types of armour.
((You have claws for hands.))
Your metabolism is lightning-fast.
You like to eat raw meat.
You heal very quickly.
((You are covered in fur (AC +1).))
((You have very tough skin (AC +2).))


Message History

Unknown command.
Drink which item? (? for menu, Esc to quit)
You feel better.
The orc knight hits you with a long sword!!
* * * LOW HITPOINT WARNING * * *
The orc knight hacks one of your heads off!
You grow two more!
Unknown command.
Drink which item? (? for menu, Esc to quit)
You feel better.
The orc high priest calls down the wrath of Beogh upon you.
Something smites you!
* * * LOW HITPOINT WARNING * * *
Unknown command.
Drink which item? (? for menu, Esc to quit)
You feel better. The orc knight closely misses you.
Drink which item? (? for menu, Esc to quit)
You feel better.
The orc knight hits you with a long sword!!
You die...

___'...)[.[..)).....)......'....▓
▓▓▓▓▓▓▓▓▓▓▓▓▓▓▓▓▓▓▓▓▓▓▓▓▓▓▓▓▓▓▓.▓
.........................÷......▓
▓▓▓▓▓▓▓▓▓▓▓▓▓▓▓▓▓▓▓▓▓▓▓▓▓▓▓▓▓▓▓▓▓
.....'.........).['..[[[[..'....▓
▓▓▓▓▓▓▓▓▓▓▓▓▓▓▓▓▓▓▓▓▓▓▓▓▓▓▓▓▓▓▓.▓
........)..))...............)†..▓
▓▓▓▓▓▓▓▓▓▓▓▓▓▓▓▓▓▓▓▓▓▓▓▓▓▓▓▓▓▓▓▓▓
....))....∩.∩(∩(Doooo.+
▓▓▓▓▓▓▓▓▓▓▓▓▓▓▓▓▓▓▓▓▓▓▓


You could see an orc knight, an orc high priest and 2 orcs.

Vanquished Creatures
  An orc high priest (D)
  5 orc knights (D)
  3 orc sorcerers (D)
  A hill giant (D)
  An ugly thing (D)
  7 spiny frogs (D)
  2 komodo dragons (D)
  A troll (D)
  3 giant leeches (D)
  A blink frog (D)
  A wyvern (D)
  A yak (D)
  Grum (D)
  3 wolves (D)
  2 hippogriffs (D)
  A porcupine (D)
  5 water moccasins (D)
  2 sky beasts (D)
  8 orc warriors (D)
  2 ogres (D)
  A centaur (D)
  A crocodile (D)
  2 giant frogs (D)
  A scorpion (D)
  A wight (D)
  An iguana (D)
  2 orc priests (D)
  3 orc wizards (D)
  2 adders (D)
  13 orcs (D)
  2 hobgoblins (D)
  3 kobolds (D)
  A bat (D)
  2 goblins (D)
86 creatures vanquished.

Notes
Turn   | Place    | Note
--------------------------------------------------------------
     0 | D        | Trafet the Troll Transmuter began the quest for the Orb.
     0 | D        | Reached XP level 1. HP: 18/18 MP: 1/1
     9 | D        | Reached skill level 4 in Unarmed Combat
    20 | D        | Noticed a scorpion
    20 | D        | Noticed an ogre
    27 | D        | Killed a scorpion
    27 | D        | Reached skill level 8 in Unarmed Combat
    27 | D        | Reached XP level 2. HP: 26/26 MP: 2/2
    27 | D        | Reached XP level 3. HP: 32/32 MP: 3/3
    32 | D        | Killed an ogre
    32 | D        | Reached skill level 10 in Unarmed Combat
    32 | D        | Reached XP level 4. HP: 36/40 MP: 4/4
    33 | D        | Reached XP level 5. HP: 41/46 MP: 5/5
    43 | D        | Found a glowing silver altar of Zin.
    43 | D        | Found a glowing golden altar of the Shining One.
    43 | D        | Found an ancient bone altar of Kikubaaqudgha.
    43 | D        | Found a basalt altar of Yredelemnul.
    43 | D        | Found a shimmering altar of Xom.
    43 | D        | Found a radiant altar of Vehumet.
    44 | D        | Found an iron altar of Okawaru.
    45 | D        | Found a burning altar of Makhleb.
    46 | D        | Found a deep blue altar of Sif Muna.
    47 | D        | Found a bloodstained altar of Trog.
    48 | D        | Found a sparkling altar of Nemelex Xobeh.
    49 | D        | Found a white marble altar of Elyvilon.
    50 | D        | Found a roughly hewn altar of Beogh.
    51 | D        | Found a viscous altar of Jiyva.
    52 | D        | Found a corrupted altar of Lugonu.
    53 | D        | Found a blossoming altar of Fedhas.
    54 | D        | Became a worshipper of Sif Muna the Loreminder
    59 | D        | Found a snail-covered altar of Cheibriados.
    60 | D        | Found a shadowy altar of Dithmenos.
    61 | D        | Found a stormy altar of Qazlal.
    62 | D        | Found an opulent altar of Gozag.
    63 | D        | Found a sacrificial altar of Ru.
    95 | D        | Noticed a centaur
    95 | D        | Noticed a sky beast
    95 | D        | Noticed a hill giant
    99 | D        | Killed a centaur
    99 | D        | Acquired Sif Muna's first power
    99 | D        | Reached skill level 11 in Unarmed Combat
   105 | D        | Killed a hill giant
   105 | D        | Acquired Sif Muna's second power
   105 | D        | Reached skill level 13 in Unarmed Combat
   105 | D        | Reached XP level 6. HP: 28/54 MP: 6/6
   105 | D        | Reached XP level 7. HP: 31/61 MP: 7/7
   114 | D        | Killed a sky beast
   212 | D        | Noticed a wight
   212 | D        | Noticed an ogre
   212 | D        | Noticed a wyvern
   212 | D        | Noticed a sky beast
   212 | D        | Noticed a troll
   212 | D        | Noticed a green ugly thing
   213 | D        | Killed a wight
   217 | D        | Killed an ogre
   219 | D        | Killed a wyvern
   219 | D        | Reached XP level 8. HP: 39/68 MP: 8/8
   227 | D        | Killed a sky beast
   227 | D        | Reached skill level 14 in Unarmed Combat
   229 | D        | Killed a troll
   229 | D        | Acquired Sif Muna's third power
   233 | D        | Killed a green ugly thing
   233 | D        | Reached skill level 15 in Unarmed Combat
   485 | D        | Noticed a water moccasin
   485 | D        | Noticed a spiny frog
   485 | D        | Noticed a water moccasin
   485 | D        | Noticed a water moccasin
   485 | D        | Noticed a hippogriff
   485 | D        | Noticed a hippogriff
   488 | D        | Noticed an iguana
   489 | D        | Killed a water moccasin
   491 | D        | Noticed a giant frog
   492 | D        | Noticed a spiny frog
   492 | D        | Killed a spiny frog
   492 | D        | Reached XP level 9. HP: 56/75 MP: 8/11
   493 | D        | Killed a water moccasin
   501 | D        | Killed a water moccasin
   501 | D        | Reached skill level 10 in Transmutations
   507 | D        | Killed a hippogriff
   509 | D        | Killed a hippogriff
   511 | D        | Killed an iguana
   515 | D        | Killed a spiny frog
   515 | D        | Received a gift from Sif Muna
   520 | D        | Killed a giant frog
   523 | D        | Identified Sif Muna's Grimoire of Moulding (Sif Muna gifted it to you in the Dungeon)
   563 | D        | Learned a level 5 spell: Blade Hands
   567 | D        | Learned a level 3 spell: Spider Form
   572 | D        | Learned a level 4 spell: Ice Form
   652 | D        | Noticed a komodo dragon
   652 | D        | Noticed a spiny frog
   652 | D        | Noticed a water moccasin
   652 | D        | Noticed a porcupine
   652 | D        | Noticed a spiny frog
   652 | D        | Noticed a komodo dragon
   654 | D        | Noticed a crocodile
   657 | D        | Killed a komodo dragon
   657 | D        | Reached skill level 16 in Unarmed Combat
   660 | D        | Killed a spiny frog
   665 | D        | Killed a water moccasin
   666 | D        | Noticed a water moccasin
   667 | D        | Killed a porcupine
   670 | D        | Killed a spiny frog
   670 | D        | Reached skill level 5 in Spellcasting
   670 | D        | Reached XP level 10. HP: 42/83 MP: 9/16
   672 | D        | Noticed a yak
   673 | D        | HP: 1/83 [komodo dragon (32)]
   767 | D        | Killed a komodo dragon
   772 | D        | Killed a crocodile
   772 | D        | Received a gift from Sif Muna
   774 | D        | Identified Sif Muna's Compendium of Transmutation (Sif Muna gifted it to you in the Dungeon)
   988 | D        | Killed a water moccasin
   993 | D        | Killed a yak
   993 | D        | Reached skill level 1 in Armour
  1030 | D        | Noticed a giant leech
  1030 | D        | Noticed a giant leech
  1030 | D        | Noticed a spiny frog
  1030 | D        | Noticed a spiny frog
  1030 | D        | Noticed a spiny frog
  1030 | D        | Noticed a giant frog
  1034 | D        | Killed a giant leech
  1086 | D        | Killed a giant leech
  1087 | D        | Killed a spiny frog
  1090 | D        | Killed a spiny frog
  1091 | D        | Killed a spiny frog
  1092 | D        | Killed a giant frog
  1171 | D        | Noticed a giant leech
  1179 | D        | Noticed a blink frog
  1185 | D        | Killed a giant leech
  1187 | D        | Killed a blink frog
  1187 | D        | Reached skill level 17 in Unarmed Combat
  1391 | D        | Noticed Grum
  1391 | D        | Noticed a wolf
  1392 | D        | Noticed a wolf
  1393 | D        | Noticed a wolf
  1395 | D        | Killed a wolf
  1395 | D        | Reached skill level 1 in Fighting
  1401 | D        | Killed Grum
  1402 | D        | Killed a wolf
  1408 | D        | Killed a wolf
  1518 | D        | Noticed an orc warrior
  1518 | D        | Noticed an orc wizard
  1520 | D        | Noticed an orc wizard
  1522 | D        | Killed an orc warrior
  1523 | D        | Killed an orc wizard
  1524 | D        | Noticed an orc warrior
  1526 | D        | Noticed an orc priest
  1530 | D        | Killed an orc wizard
  1531 | D        | Noticed an orc wizard
  1537 | D        | Killed an orc warrior
  1544 | D        | Killed an orc priest
  1546 | D        | Killed an orc wizard
  1618 | D        | Noticed an orc knight
  1618 | D        | Noticed an orc knight
  1618 | D        | Noticed an orc warrior
  1618 | D        | Noticed an orc warrior
  1618 | D        | Noticed an orc priest
  1622 | D        | Killed an orc knight
  1623 | D        | Noticed an orc warrior
  1629 | D        | Noticed an orc knight
  1629 | D        | Killed an orc knight
  1629 | D        | Reached XP level 11. HP: 34/96 MP: 14/19
  1659 | D        | Killed an orc warrior
  1660 | D        | Killed an orc warrior
  1726 | D        | Killed an orc knight
  1726 | D        | Reached skill level 5 in Dodging
  1735 | D        | Killed an orc priest
  1822 | D        | Killed an orc warrior
  1823 | D        | Noticed an orc warrior
  1829 | D        | Killed an orc warrior
  1856 | D        | Noticed an orc warrior
  1861 | D        | Killed an orc warrior
  1869 | D        | Learned a level 6 spell: Hydra Form
  1879 | D        | Noticed an orc knight
  1883 | D        | Noticed an orc warrior
  1886 | D        | Killed an orc knight
  1892 | D        | Killed an orc warrior
  1892 | D        | Reached skill level 5 in Armour
  1916 | D        | Found Kiloma's Assorted Antiques.
  1916 | D        | Noticed an orc sorcerer
  1916 | D        | Noticed an orc sorcerer
  1916 | D        | Noticed an orc high priest
  1919 | D        | Killed an orc sorcerer
  1924 | D        | Killed an orc sorcerer
  1924 | D        | Received a gift from Sif Muna
  1926 | D        | Noticed an orc sorcerer
  1926 | D        | Found Goly's Magic Scroll Shoppe.
  1927 | D        | Noticed a sun demon
  1931 | D        | Noticed a sun demon
  2095 | D        | Killed an orc high priest
  2101 | D        | Killed an orc sorcerer
  2230 | D        | Identified Sif Muna's Volume of Arcane Weapons (Sif Muna gifted it to you in the Dungeon)
  2235 | D        | Found Renont's Jewellery Emporium.
  2239 | D        | Found Apruloiz's Food Shoppe.
  2241 | D        | Noticed an orc knight
  2244 | D        | Noticed an orc knight
  2246 | D        | Noticed an orc high priest
  2256 | D        | Killed an orc knight
  2265 | D        | HP: 1/131 [orc high priest/divine providence (12)]
  2267 | D        | Mangled by an orc knight

Vault maps used:
D:        linesprint

Action                   |  1- 3 |  4- 6 |  7- 9 | 10-12 || total
-------------------------+-------+-------+-------+-------++-------
Melee: Unarmed           |    21 |    13 |    85 |   151 ||   270
 Cast: Blade Hands       |       |       |     1 |     9 ||    10
       Ice Form          |       |       |       |     3 ||     3
       Spider Form       |       |       |       |     1 ||     1
       Hydra Form        |       |       |       |     5 ||     5
  Use: Potion            |       |       |       |    12 ||    12
       Scroll            |       |       |       |     2 ||     2
  Eat: Chunk             |       |       |     8 |    15 ||    23
